| TOP OF THE 1ST |
|
Naperville Lazy Fisherman batting - Pitching for Salt Lake City Buzz : RHP Mike Oquist
|
|
Pitching: RHP Mike Oquist
|
|
|
Batting: SHB Denny Hocking
|
0-0: Ball 1-0: Foul Ball, location: 2F 1-1: SINGLE (Groundball, 6D, EV 103.8 MPH)
|
|
Batting: SHB Walt Weiss
|
0-0: Swinging Strike Denny Hocking steals 2nd base 0-1: Fly out, F8 (Flyball, 8LM, EV 91.3 MPH)
|
|
Batting: RHB Pedro Munoz
|
0-0: Swinging Strike 0-1: Called Strike 0-2: Foul Ball, location: 2F 0-2: SINGLE (Line Drive, 56D, EV 105.6 MPH) Denny Hocking to third
|
|
Batting: LHB Matt Luke
|
0-0: Fly out, F5 (Popup, 56, EV 65.6 MPH)
|
|
Batting: RHB David Bell
|
0-0: Called Strike 0-1: Ball 1-1: Ball 2-1: Ball 3-1: Fly out, F3 (Popup, 34S, EV 78.8 MPH)
|
| Top of the 1st over - 0 runs, 2 hits, 0 errors, 2 left on base; Naperville 0 - Salt Lake City 0 |
| BOTTOM OF THE 1ST |
|
Salt Lake City Buzz batting - Pitching for Naperville Lazy Fisherman : LHP Dennys Reyes
|
|
Pitching: LHP Dennys Reyes
|
|
|
Batting: RHB Arquimedez Pozo
|
0-0: Ball 1-0: Swinging Strike 1-1: Ball 2-1: Ground out 6-3 (Groundball, 6, EV 104.4 MPH)
|
|
Batting: RHB Emil Brown
|
0-0: Ball 1-0: Ball 2-0: Ball 3-0: Base on Balls
|
|
Batting: RHB Jerome Walton
|
0-0: Ball 1-0: Ball 2-0: Called Strike 2-1: Foul Ball, location: 2F 2-2: Ball 3-2: Foul Ball, location: 2F 3-2: Foul Ball, location: 2F 3-2: Base on Balls Emil Brown to second
|
|
Batting: RHB Dave Staton
|
0-0: Grounds into double play, 5-4-3 (Groundball, 56, EV 85.6 MPH)
|
| Bottom of the 1st over - 0 runs, 0 hits, 0 errors, 1 left on base; Naperville 0 - Salt Lake City 0 |
| TOP OF THE 2ND |
|
Naperville Lazy Fisherman batting - Pitching for Salt Lake City Buzz : RHP Mike Oquist
|
|
Batting: RHB Craig Worthington
|
0-0: Ball 1-0: SOLO HOME RUN (Flyball, 78XD, EV 96.9 MPH), Distance : 386 ft
|
|
Batting: RHB Joe Ayrault
|
0-0: Ball 1-0: Foul Ball, location: 2F 1-1: Bunt for hit to 13S - play at first, batter OUT! 1-3
|
|
Batting: RHB Kent Anderson
|
0-0: Ball 1-0: Called Strike 1-1: Ball 2-1: Called Strike 2-2: Foul Ball, location: 2F 2-2: Strikes out looking
|
|
Batting: LHB Dan Peltier
|
0-0: Ball 1-0: Ball 2-0: Called Strike 2-1: Ball 3-1: Base on Balls
|
|
Batting: SHB Denny Hocking
|
0-0: Called Strike Dan Peltier is caught stealing 2nd base 2-6
|
| Top of the 2nd over - 1 run, 1 hit, 0 errors, 0 left on base; Naperville 1 - Salt Lake City 0 |
| BOTTOM OF THE 2ND |
|
Salt Lake City Buzz batting - Pitching for Naperville Lazy Fisherman : LHP Dennys Reyes
|
|
Batting: RHB Brian Johnson
|
0-0: Ball 1-0: Fly out, F9 (Flyball, 89M, EV 86.9 MPH)
|
|
Batting: RHB Jose Oliva
|
0-0: Ball 1-0: Ball 2-0: Swinging Strike 2-1: Called Strike 2-2: Strikes out looking
|
|
Batting: RHB Sal Fasano
|
0-0: SINGLE (Line Drive, 9LS, EV 99.4 MPH)
|
|
Batting: RHB Norberto Martin
|
0-0: Ball 1-0: SINGLE (Line Drive, 8LS, EV 90.6 MPH) Sal Fasano to second Runner from 2nd tries for 3rd, SAFE, no throw by CF
|
|
Batting: SHB Reggie B. Williams
|
0-0: Ball Wild Pitch! Sal Fasano scores Norberto Martin to second 1-0: Swinging Strike 1-1: Ball 2-1: Ball 3-1: Ground out 6-3 (Groundball, 6, EV 90.6 MPH)
|
| Bottom of the 2nd over - 1 run, 2 hits, 0 errors, 1 left on base; Naperville 1 - Salt Lake City 1 |
| TOP OF THE 3RD |
|
Naperville Lazy Fisherman batting - Pitching for Salt Lake City Buzz : RHP Mike Oquist
|
|
Batting: SHB Denny Hocking
|
0-0: Foul Ball, location: 2F 0-1: Ball 1-1: Fly out, F1 (Line Drive, P, EV 73.1 MPH)
|
|
Batting: SHB Walt Weiss
|
0-0: Called Strike 0-1: Reached on error, E4 (Groundball, 4, EV 83.8 MPH)
|
|
Batting: RHB Pedro Munoz
|
0-0: Foul Ball, location: 2F 0-1: Ball 1-1: Ball 2-1: Ball 3-1: Foul Ball, location: 2F 3-2: Foul Ball, location: 2F 3-2: Foul Ball, location: 2F 3-2: Foul Ball, location: 2F 3-2: Strikes out swinging
|
|
Batting: LHB Matt Luke
|
0-0: Ball 1-0: Foul Ball, location: 2F 1-1: Fly out, F2 (Popup, 15S, EV 86.3 MPH)
|
| Top of the 3rd over - 0 runs, 0 hits, 1 error, 1 left on base; Naperville 1 - Salt Lake City 1 |
| BOTTOM OF THE 3RD |
|
Salt Lake City Buzz batting - Pitching for Naperville Lazy Fisherman : LHP Dennys Reyes
|
|
Batting: RHB Arquimedez Pozo
|
0-0: Ball 1-0: Foul Ball, location: 2F 1-1: Fly out, F3 (Line Drive, 3, EV 71.3 MPH)
|
|
Batting: RHB Emil Brown
|
0-0: Called Strike 0-1: Foul Ball, location: 2F 0-2: SINGLE (Groundball, 4MD, EV 94.4 MPH)
|
|
Batting: RHB Jerome Walton
|
0-0: Ball 1-0: Ball 2-0: Grounds into double play, 6-4-3 (Groundball, 6, EV 83.1 MPH)
|
| Bottom of the 3rd over - 0 runs, 1 hit, 0 errors, 0 left on base; Naperville 1 - Salt Lake City 1 |
| TOP OF THE 4TH |
|
Naperville Lazy Fisherman batting - Pitching for Salt Lake City Buzz : RHP Mike Oquist
|
|
Batting: RHB David Bell
|
0-0: Ball 1-0: Foul Ball, location: 2F 1-1: Ball 2-1: SINGLE (Groundball, 6MD, EV 111.3 MPH)
|
|
Batting: RHB Craig Worthington
|
0-0: Swinging Strike 0-1: Swinging Strike Passed Ball! David Bell to second 0-2: Ball 1-2: Ball 2-2: Fly out, F8 (Flyball, 8RXD, EV 93.1 MPH) Runner from 2nd tags up, SAFE at 3rd, no throw by CF
|
|
Batting: RHB Joe Ayrault
|
0-0: Fly out, F8 (Flyball, 8RXD, EV 96.3 MPH) Runner from 3rd tags up, SCORES, no throw by CF
|
|
Batting: RHB Kent Anderson
|
0-0: Called Strike 0-1: Ball 1-1: Ball 2-1: Ground out 5-3 (Groundball, 56, EV 103.8 MPH)
|
| Top of the 4th over - 1 run, 1 hit, 0 errors, 0 left on base; Naperville 2 - Salt Lake City 1 |
| BOTTOM OF THE 4TH |
|
Salt Lake City Buzz batting - Pitching for Naperville Lazy Fisherman : LHP Dennys Reyes
|
|
Batting: RHB Dave Staton
|
0-0: Ball 1-0: Ball 2-0: Called Strike 2-1: Ball 3-1: Called Strike 3-2: Strikes out swinging
|
|
Batting: RHB Brian Johnson
|
0-0: Called Strike 0-1: Foul Ball, location: 2F 0-2: Ball 1-2: Strikes out swinging
|
|
Batting: RHB Jose Oliva
|
0-0: Foul Ball, location: 2F 0-1: Ball 1-1: Fly out, F7 (Flyball, 78S, EV 83.1 MPH)
|
| Bottom of the 4th over - 0 runs, 0 hits, 0 errors, 0 left on base; Naperville 2 - Salt Lake City 1 |
| TOP OF THE 5TH |
|
Naperville Lazy Fisherman batting - Pitching for Salt Lake City Buzz : RHP Mike Oquist
|
|
Batting: LHB Dan Peltier
|
0-0: Foul Ball, location: 2F 0-1: Ball 1-1: Ball 2-1: Ball 3-1: Swinging Strike 3-2: Strikes out swinging
|
|
Batting: SHB Denny Hocking
|
0-0: Called Strike 0-1: Ground out 4-3 (Groundball, 4, EV 85.6 MPH)
|
|
Batting: SHB Walt Weiss
|
0-0: Foul Ball, location: 2F 0-1: Foul Ball, location: 2F 0-2: SINGLE (Line Drive, 89M, EV 91.3 MPH)
|
|
Batting: RHB Pedro Munoz
|
0-0: Ball 1-0: Foul Ball, location: 2F 1-1: Ball 2-1: Ground out 4-3 (Groundball, 4S, EV 76.9 MPH)
|
| Top of the 5th over - 0 runs, 1 hit, 0 errors, 1 left on base; Naperville 2 - Salt Lake City 1 |
| BOTTOM OF THE 5TH |
|
Salt Lake City Buzz batting - Pitching for Naperville Lazy Fisherman : LHP Dennys Reyes
|
|
Batting: RHB Sal Fasano
|
0-0: Foul Ball, location: 2F 0-1: Ball 1-1: Called Strike 1-2: Ball 2-2: Foul Ball, location: 2F 2-2: Foul Ball, location: 2F 2-2: Ball 3-2: Strikes out swinging
|
|
Batting: RHB Norberto Martin
|
0-0: Called Strike 0-1: SINGLE (Groundball, 56, EV 101.3 MPH) (infield hit)
|
|
Pitching: RHP Ryan Hancock
|
|
|
Batting: SHB Reggie B. Williams
|
0-0: Ball 1-0: Ball 2-0: Called Strike 2-1: Foul Ball, location: 2F 2-2: Foul Ball, location: 2F 2-2: Ground out 6-3 (Groundball, 6M, EV 108.1 MPH) Norberto Martin to second
|
|
Batting: RHB Arquimedez Pozo
|
0-0: Ball 1-0: Swinging Strike 1-1: Called Strike 1-2: Foul Ball, location: 2F 1-2: Ball 2-2: Foul Ball, location: 2F 2-2: Ball 3-2: Strikes out swinging
|
| Bottom of the 5th over - 0 runs, 1 hit, 0 errors, 1 left on base; Naperville 2 - Salt Lake City 1 |
| TOP OF THE 6TH |
|
Naperville Lazy Fisherman batting - Pitching for Salt Lake City Buzz : RHP Mike Oquist
|
|
Pitching: RHP Mark Acre
|
|
|
Batting: LHB Matt Luke
|
0-0: Ball 1-0: Called Strike 1-1: Fly out, F7 (Flyball, 7LS, EV 94.4 MPH)
|
|
Batting: RHB David Bell
|
0-0: Foul Ball, location: 2F 0-1: Called Strike 0-2: Ball 1-2: SOLO HOME RUN (Flyball, 78XD, EV 87.5 MPH), Distance : 401 ft
|
|
Batting: RHB Craig Worthington
|
0-0: Ball 1-0: Ball 2-0: Called Strike 2-1: Ground out 5-3 (Groundball, 56, EV 83.8 MPH)
|
|
Batting: RHB Joe Ayrault
|
0-0: Foul Ball, location: 2F 0-1: Ball 1-1: Ball 2-1: Foul Ball, location: 2F 2-2: Strikes out swinging, 2-3 out at first.
|
| Top of the 6th over - 1 run, 1 hit, 0 errors, 0 left on base; Naperville 3 - Salt Lake City 1 |
| BOTTOM OF THE 6TH |
|
Salt Lake City Buzz batting - Pitching for Naperville Lazy Fisherman : RHP Ryan Hancock
|
|
Batting: RHB Emil Brown
|
0-0: Hit by Pitch
|
|
Pinch Runner at 1st Shane Andrews:
|
|
|
Batting: RHB Jerome Walton
|
0-0: Ball Pickoff Throw to First - Error! E1 Shane Andrews to second 1-0: Called Strike 1-1: Ground out 1-3 (Groundball, 34S, EV 63.8 MPH) Shane Andrews to third
|
|
Pitching: RHP Dan Naulty
|
|
|
Batting: RHB Dave Staton
|
0-0: Ball 1-0: Called Strike 1-1: Called Strike 1-2: Ball 2-2: Strikes out looking
|
|
Batting: RHB Brian Johnson
|
0-0: Ball 1-0: DOUBLE (Flyball, 8LXD, EV 96.9 MPH) Shane Andrews scores
|
|
Batting: RHB Jose Oliva
|
0-0: Swinging Strike 0-1: Ball 1-1: Foul Ball, location: 2F 1-2: Foul Ball, location: 2F 1-2: Ball 2-2: Fly out, F9 (Flyball, 9, EV 92.5 MPH)
|
| Bottom of the 6th over - 1 run, 1 hit, 1 error, 1 left on base; Naperville 3 - Salt Lake City 2 |
| TOP OF THE 7TH |
|
Naperville Lazy Fisherman batting - Pitching for Salt Lake City Buzz : RHP Mark Acre
|
|
Now in RF: Robin Jennings
|
|
|
Batting: RHB Kent Anderson
|
0-0: Called Strike 0-1: Swinging Strike 0-2: Ball 1-2: Ball 2-2: Ball 3-2: Base on Balls
|
|
Batting: LHB Dan Peltier
|
0-0: Ball 1-0: SINGLE (Groundball, 4M, EV 98.8 MPH) Kent Anderson to second
|
|
Batting: SHB Denny Hocking
|
0-0: Swinging Strike 0-1: Foul Ball, location: 2F 0-2: Strikes out swinging
|
|
Pitching: RHP Doug Piatt
|
|
|
Batting: SHB Walt Weiss
|
0-0: Ball 1-0: Called Strike 1-1: Ball 2-1: Ball 3-1: Foul Ball, location: 2F 3-2: Foul Ball, location: 2F 3-2: Foul Ball, location: 2F 3-2: Grounds into double play, U5-3 (Groundball, 5L, EV 88.8 MPH)
|
| Top of the 7th over - 0 runs, 1 hit, 0 errors, 1 left on base; Naperville 3 - Salt Lake City 2 |
| BOTTOM OF THE 7TH |
|
Salt Lake City Buzz batting - Pitching for Naperville Lazy Fisherman : RHP Dan Naulty
|
|
Batting: RHB Sal Fasano
|
0-0: Called Strike 0-1: Ball 1-1: Swinging Strike 1-2: Ball 2-2: Strikes out swinging
|
|
Batting: RHB Norberto Martin
|
0-0: Called Strike 0-1: SINGLE (Line Drive, 56D, EV 106.3 MPH)
|
|
Batting: SHB Reggie B. Williams
|
0-0: Ball 1-0: Called Strike 1-1: Ball 2-1: Called Strike 2-2: Foul Ball, location: 2F 2-2: Foul Ball, location: 2F 2-2: Ball 3-2: Foul Ball, location: 2F 3-2: Foul Ball, location: 2F 3-2: Base on Balls Norberto Martin to second
|
|
Pitching: RHP Cory Bailey
|
|
|
Pinch Hitting: SHB Abraham O Nunez
|
0-0: Fly out, F8 (Flyball, 8RM, EV 86.3 MPH)
|
|
Batting: LHB Robin Jennings
|
0-0: Ball 1-0: Fly out, F9 (Line Drive, 9, EV 85.0 MPH)
|
| Bottom of the 7th over - 0 runs, 1 hit, 0 errors, 2 left on base; Naperville 3 - Salt Lake City 2 |
| TOP OF THE 8TH |
|
Naperville Lazy Fisherman batting - Pitching for Salt Lake City Buzz : RHP Doug Piatt
|
|
Now at SS: Abraham O Nunez
|
|
|
Batting: RHB Pedro Munoz
|
0-0: Ball 1-0: Called Strike 1-1: Foul Ball, location: 2F 1-2: Ball 2-2: Strikes out swinging
|
|
Batting: LHB Matt Luke
|
0-0: Ball 1-0: Called Strike 1-1: Ball 2-1: Foul Ball, location: 2F 2-2: Foul Ball, location: 2F 2-2: Strikes out swinging
|
|
Batting: RHB David Bell
|
0-0: Called Strike 0-1: Ball 1-1: Called Strike 1-2: Ball 2-2: Ground out 6-3 (Groundball, 6, EV 90.0 MPH)
|
| Top of the 8th over - 0 runs, 0 hits, 0 errors, 0 left on base; Naperville 3 - Salt Lake City 2 |
| BOTTOM OF THE 8TH |
|
Salt Lake City Buzz batting - Pitching for Naperville Lazy Fisherman : RHP Cory Bailey
|
|
Batting: RHB Jerome Walton
|
0-0: Ball 1-0: Foul Ball, location: 2F 1-1: Foul Ball, location: 2F 1-2: Foul Ball, location: 2F 1-2: Fly out, F9 (Flyball, 9S, EV 91.3 MPH)
|
|
Batting: RHB Dave Staton
|
0-0: Called Strike 0-1: Ball 1-1: Ground out 6-3 (Groundball, 6M, EV 90.6 MPH)
|
|
Batting: RHB Brian Johnson
|
0-0: Ball 1-0: Ball 2-0: Foul Ball, location: 2F 2-1: Foul Ball, location: 2F 2-2: Strikes out swinging
|
| Bottom of the 8th over - 0 runs, 0 hits, 0 errors, 0 left on base; Naperville 3 - Salt Lake City 2 |
| TOP OF THE 9TH |
|
Naperville Lazy Fisherman batting - Pitching for Salt Lake City Buzz : RHP Doug Piatt
|
|
Batting: RHB Craig Worthington
|
0-0: Ball 1-0: Called Strike 1-1: SINGLE (Groundball, 6, EV 93.1 MPH) (infield hit)
|
|
Batting: RHB Joe Ayrault
|
0-0: Swinging Strike 0-1: Grounds into double play, 4-6-3 (Groundball, 4, EV 78.8 MPH)
|
|
Batting: RHB Kent Anderson
|
0-0: Foul Ball, location: 2F 0-1: Ground out 5-3 (Groundball, 56S, EV 86.3 MPH)
|
| Top of the 9th over - 0 runs, 1 hit, 0 errors, 0 left on base; Naperville 3 - Salt Lake City 2 |
| BOTTOM OF THE 9TH |
|
Salt Lake City Buzz batting - Pitching for Naperville Lazy Fisherman : RHP Cory Bailey
|
|
Pitching: RHP Blas Minor
|
|
|
Batting: RHB Jose Oliva
|
0-0: Ground out 6-3 (Groundball, 56S, EV 89.4 MPH)
|
|
Batting: RHB Sal Fasano
|
0-0: Ball 1-0: Swinging Strike 1-1: Swinging Strike 1-2: Strikes out swinging
|
|
Batting: RHB Norberto Martin
|
0-0: Called Strike 0-1: Ground out 4-3 (Groundball, 4M, EV 105.0 MPH)
|
| Bottom of the 9th over - 0 runs, 0 hits, 0 errors, 0 left on base; Naperville 3 - Salt Lake City 2 |
|